 Dungeon Crawl Stone Soup version 0.30-b1-2-g02819fbbbe (webtiles) character file.

Game seed: 1712752734778953115

117 tokenacc the Magician (level 4, 24/24 HPs)
             Began as a Deep Elf Hedge Wizard on Oct 27, 2023.
             Quit the game on level 3 of the Dungeon.
             The game lasted 00:09:52 (2357 turns).

tokenacc the Magician (Deep Elf Hedge Wizard)       Turns: 2357, Time: 00:09:53

Health: 24/24      AC:  4    Str:  7    XL:     4   Next: 71%
Magic:  12/12      EV: 12    Int: 21    God:
Gold:   48         SH:  0    Dex: 14    Spells: 3/11 levels left

rFire   . . .        g - +1 dagger (elec)
rCold   . . .        (no shield)
rNeg    . . .        b - +0 robe
rPois   .            c - +0 hat
rElec   .            a - +0 cloak
rCorr   .            (no gloves)
SInv    .            h - +0 pair of boots
Will    .....        (no amulet)
Stlth   ++           (no ring)
HPRegen 0.24/turn    (no ring)
MPRegen 0.13/turn

%: no passive effects
@: no status effects
A: no striking features
a: no special abilities


You were on level 3 of the Dungeon.
You visited 1 branch of the dungeon, and saw 3 of its levels.

You collected 48 gold pieces.

Inventory:

Hand Weapons
 g - a +1 dagger of electrocution (weapon)
 n - the +8 whip "Hegyhuf" {freeze, rPois}
   (You found it on level 3 of the Dungeon)

   rPois:     It protects you from poison.
Armour
 a - a +0 cloak (worn)
 b - a +0 robe (worn)
 c - a +0 hat (worn)
 h - a +0 pair of boots (worn)
 p - a +2 chain mail of willpower
Scrolls
 f - 3 scrolls of identify {unknown}
 i - a scroll of blinking {unknown}
 j - 3 scrolls of immolation {unknown}
 m - 3 scrolls of fog {unknown}
 o - a scroll of teleportation {unknown}
Potions
 d - a potion of magic
 e - a potion of curing
 k - a potion of brilliance {unknown}
 l - 2 potions of berserk rage {unknown}


   Skills:
 - Level 2.4 Dodging
 - Level 2.4 Stealth
 - Level 4.4 Spellcasting
 - Level 3.5 Conjurations
 - Level 1.3 Summonings
 - Level 1.4 Translocations
 + Level 1.9 Air Magic
 + Level 2.0 Poison Magic


You had 3 spell levels left.
You knew the following spells:

 Your Spells              Type           Power      Damage    Failure   Level
a - Magic Dart            Conj           76%        1d6       2%          1
b - Blink                 Tloc           20%        N/A       10%         2
c - Call Imp              Summ           20%        N/A       10%         2
d - Mephitic Cloud        Conj/Pois/Air  15%        N/A       12%         3

Your spell library contained the following spells:

 Spells                   Type           Power      Damage    Failure   Level
 Cigotuvi's Dreadful Rot  Necr/Pois/Air  20%        N/A       11%         2
 Slow                     Hex            16%        N/A       12%         1
 Sublimation of Blood     Necr           4%         N/A       17%         2
 Wereblood                Tmut           4%         N/A       17%         2
 Summon Hydra             Summ           5%         N/A       100%        7


Dungeon Overview and Level Annotations

Branches:
Dungeon (3/15)

Altars:

Annotations:
D:2 Terence


Message History

The kobold hits your cerulean imp but does no damage.
Your cerulean imp misses the kobold.
The kobold closely misses your cerulean imp.
Your cerulean imp hits the kobold but does no damage.
The kobold barely misses your cerulean imp.
Your cerulean imp hits the kobold with a -3 spear.
The kobold dies!
You start resting.
HP restored.
You start resting.
Your cerulean imp disappears in a puff of smoke!
Magic restored.
Things that are here:
a +0 club; 2 stones
Things that are here:
a +0 dagger; a +0 whip
Things that are here:
a +0 short sword; 2 stones; a kobold corpse
Things that are here:
a +0 dagger; a kobold corpse
There is an open gate here.
You see here a +0 dagger.
j - 3 scrolls labelled NAOCIG TEOTH (gained 1) As you open the door, it creaks loudly!
You hear a shout!
You hear a distant slurping noise.
There is an open door here.
A kobold comes into view. It is wielding a +0 short sword.
The magic dart hits the kobold.
The kobold is severely wounded.
The kobold misses you.
The magic dart hits the kobold.
You kill the kobold!
Things that are here:
a +0 short sword; a kobold corpse An endoplasm and a jelly come into view.
Found a goblin skeleton and a rat skeleton.
A jelly comes into view.
You can't see any susceptible monsters within range! (Use Z to cast anyway.)
You can't see any susceptible monsters within range! (Use Z to cast anyway.) Are you sure you want to abandon this character and quit the game? (Confirm with "yes".)

## ### ..... #.#..
###### #.#.# ########
#.÷J..J
#...###......##.PPPJ..
#.#.##.......#@#
#.#.'........#.#
#..))........#.#
#..)'......#'#.#
###)##....)#.#.#
##).###....#.#)#
#...#########.##
+....###### ###
#.........#


You could see 2 jellies and an endoplasm (asleep).

Vanquished Creatures
  A hound (D:2)
  2 adders (D:2)
  8 endoplasms
  6 giant cockroaches
  4 goblins (D:1)
  A hobgoblin (D:2)
  A jackal (D:2)
  8 kobolds
  2 quokkas
  5 ball pythons
  4 bats
  5 frilled lizards
  3 rats
50 creatures vanquished.

Vanquished Creatures (collateral kills)
  An adder (D:1)
  A goblin (D:2)
  4 kobolds (D:3)
6 creatures vanquished.

Vanquished Creatures (others)
  A fungus (D:3)
  6 toadstools (D:3)
7 creatures vanquished.

Grand Total: 63 creatures vanquished

Notes
Turn   | Place    | Note
-------+----------+-------------------------------------------
     0 | D:1      | tokenacc the Deep Elf Hedge Wizard began the quest for the
                  | Orb.
     0 | D:1      | Reached XP level 1. HP: 10/10 MP: 7/7
   298 | D:1      | Reached XP level 2. HP: 15/15 MP: 7/9
   805 | D:1      | Reached XP level 3. HP: 19/19 MP: 7/10
  1096 | D:1      | Learned a level 2 spell: Blink
  1099 | D:1      | Learned a level 2 spell: Call Imp
  1103 | D:1      | Learned a level 3 spell: Mephitic Cloud
  1401 | D:2      | Noticed Terence
  1629 | D:2      | Reached skill level 1 in Air Magic
  1629 | D:2      | Reached skill level 1 in Poison Magic
  1629 | D:2      | Reached XP level 4. HP: 19/24 MP: 1/12
  2204 | D:3      | Identified the +8 whip "Hegyhuf" {freeze, rPois}
  2357 | D:3      | Quit the game

Illustrated notes

Levels and vault maps discovered:
D:1:      dpeg_arrival_boxorama, layout_rooms, minmay_misc_feat_diagonals
D:2:      layout_rooms, minmay_octomino_j4, uniq_terence
D:3:      cheibrodos_fertilizer, layout_loops_corners, tgw_fedhas, uniq_grinder

Skill      XL: |  1  2  3  4 |
---------------+-------------+-----
Conjurations   | 2 3 |  3.5
Air Magic      | 1 |  1.9
Poison Magic   | 1 2 |  2.0
Dodging        | |  2.4
Stealth        | |  2.4
Spellcasting   | |  4.4
Summonings     | |  1.3
Translocations | |  1.4

Action                     |  1- 3 |  4- 6 || total
---------------------------+-------+-------++-------
  Melee: Dagger            |     3 |     8 ||    11
   Cast: Magic Dart        |    95 |    22 ||   117
         Call Imp          |     5 |     5 ||    10
         Blink             |     2 |     1 ||     3
         Mephitic Cloud    |       |     2 ||     2
    Use: Potion            |     1 |       ||     1
 Armour: Robe              |     9 |     2 ||    11
  Dodge: Dodged            |    23 |     6 ||    29
